 Dungeon Crawl Stone Soup version 0.27-a0-1184-ge86db4a01e (webtiles) character file.

Game seed: 18232748652492411433

20 Shayle the Chiller (level 2, 0/21 HPs)
             Began as a Demonspawn Ice Elementalist on May 18, 2021.
             Slain by a quokka (4 damage)
             ... on level 1 of the Dungeon.
             The game lasted 00:02:33 (1141 turns).

Shayle the Chiller (Demonspawn Ice Elementalist)    Turns: 1141, Time: 00:02:33

Health: 0/21       AC:  2    Str:  8    XL:     2   Next: 58%
Magic:  5/5        EV: 12    Int: 16    God:
Gold:   44         SH:  0    Dex: 13    Spells: 4/5 levels left

rFire    . . .     SeeInvis .   b - +0 club
rCold    . . .     Faith    .   (no shield)
rNeg     . . .     Spirit   .   a - +0 robe
rPois    .         Reflect  .   (no helmet)
rElec    .         Harm     .   (no cloak)
rCorr    .         Rampage  .   (no gloves)
Will     .....                  (no boots)
Stlth    ++........             (no amulet)
HPRegen  0.07/turn              (no ring)
MPRegen  0.09/turn              (no ring)

@: no status effects
A: hooves 1
a: no special abilities


You were on level 1 of the Dungeon.
You visited 1 branch of the dungeon, and saw 2 of its levels.

You collected 44 gold pieces.

Inventory:

Hand Weapons
 b - a +0 club (weapon)
Armour
 a - a +0 robe (worn)
Jewellery
 c - a ring of resist corrosion
Scrolls
 d - a scroll of amnesia {unknown}
 e - a scroll of noise {unknown}


   Skills:
 + Level 1.0 Fighting
 + Level 2.1 Dodging
 - Level 1.7 Stealth
 + Level 2.3 Spellcasting
 + Level 3.8 Ice Magic


You had 4 spell levels left.
You knew the following spells:

 Your Spells              Type           Power      Damage    Failure   Level
a - Freeze                Ice            56%        1d7       4%          1

Your spell library contained the following spells:

 Spells                   Type           Power      Damage    Failure   Level
 Frozen Ramparts          Ice            28%        1d4       13%         3
 Ozocubu's Armour         Ice            14%        N/A       13%         3
 Hailstorm                Conj/Ice       7%         3d4       67%         4
 Metabolic Englaciation   Hex/Ice        3%         N/A       95%         5


Dungeon Overview and Level Annotations

Branches:
Dungeon (2/15)

Altars:


Innate Abilities, Weirdness & Mutations

You have large cloven feet.


Message History

Magic restored.
A rat comes into view.
Found an emerald ring.
Casting: Freeze (safe; 4% risk of failure)
Confirm with . or Enter, or press ? or * to list all spells.
You can't see any susceptible monsters within range! (Use Z to cast anyway.)
Casting: Freeze (safe; 4% risk of failure)
Confirm with . or Enter, or press ? or * to list all spells.
Aiming: Freeze (safe; 4% risk of failure)
Press: ? - help, Shift-Dir - straight line, f - rat
Aim: a rat You freeze the rat!
You kill the rat!
A gnoll comes into view. It is wielding a +0 spear.
The gnoll shouts!
A quokka comes into view.
A gnoll comes into view. It is wielding a +0 whip.
A rat and a gnoll come into view.
The gnoll shouts! x2
There is a stone staircase leading up here.
The gnoll barely misses you.
There is a stone staircase leading up here.
The quokka bites you.
You climb upwards.
There is a stone staircase leading down here.
You start resting.
HP restored.
You climb downwards.
The quokka misses you. The rat barely misses you.
The gnoll hits you with a +0 whip.
There is a stone staircase leading up here.
Unknown command.
The quokka bites you.
The gnoll hits you from afar with a +0 spear.
* * * LOW HITPOINT WARNING * * *
The rat closely misses you. The gnoll closely misses you.
The quokka misses you.
You climb upwards.
There is a stone staircase leading down here.
The gnoll closely misses you. The quokka bites you.
You die...

.................##...# #.....
#.#......#.......##..)# ######
#.#......+.......######
#.#......#.......################
#.#.......#+####..PPP.PP..PPPPPPP
........#.#....#.P...P...<..PP.P.
........#.#....#........P.PP....P
........#......#.PP..P.P....P..P.
...............#@PP...P..PP.PP..P
.......###.....grrP....P...P.....
...............##...P....P.P..P..
#..............##.......P.P.P...P
#............####...P....P.P..P.P
.............####P...P.PP.PP.....
...............##P.P....PP..P..P.
..#.............#....P.P...P.....
................#PP.....PP.P.....


You could see a gnoll, a quokka and a rat.

Vanquished Creatures
  2 ball pythons (D:1)
  2 bats (D:1)
  An endoplasm (D:1)
  A goblin (D:1)
  4 hobgoblins
  3 jackals (D:1)
  A quokka (D:1)
  2 rats
16 creatures vanquished.

Vanquished Creatures (others)
  110 plants (D:1)
110 creatures vanquished.

Grand Total: 126 creatures vanquished

Notes
Turn   | Place    | Note
-------+----------+-------------------------------------------
     0 | D:1      | Shayle the Demonspawn Ice Elementalist began the quest for
                  | the Orb.
     0 | D:1      | Reached XP level 1. HP: 13/13 MP: 3/3
   282 | D:1      | Gained mutation: You have large cloven feet. [demonic
                  | ancestry]
   282 | D:1      | Reached XP level 2. HP: 7/20 MP: 0/5
  1007 | D:1      | Found a faded altar of an unknown god.
  1064 | D:2      | Reached skill level 1 in Fighting
  1141 | D:1      | Slain by a quokka

Illustrated notes

Levels and vault maps discovered:
D:1:      roderic_crop_circles_arrival_small, layout_basic,
          basic_ecumenical_altar
D:2:      layout_rooms, minmay_misc_feat_secret_circle,
          hangedman_abyss_or_decor_lesser_grid

Skill      XL: |  1  2 |
---------------+-------+-----
Dodging        | 2 |  2.1
Fighting       | 1 |  1.0
Stealth        | |  1.7
Spellcasting   | |  2.3
Ice Magic      | |  3.8

Action                   || total
-------------------------++-------
Melee: Unarmed           ||    20
       Club              ||    20
       Kick              ||     2
 Cast: Freeze            ||    18
Armor: Robe              ||    11
Dodge: Dodged            ||    57

Table legend: (Time is in decaauts)
 A = Elapsed time spent in this place.
 B = Non-inter-level travel time spent in this place.
 C = Inter-level travel time spent in this place.
 D = Time resting spent in this place.
 E = Time spent auto-exploring this place.
 F = Levels seen in this place.
 G = Mean time per level.
                   A        B        C        D        E       F      G
               +--------+--------+--------+--------+--------+-----+--------+
         Total |   1147 |   1147 |      0 |    389 |    562 |   2 |  573.5 |
       Dungeon |   1147 |   1147 |      0 |    389 |    562 |   2 |  573.5 |
               +--------+--------+--------+--------+--------+-----+--------+

Top non-repeatable levels by time:
     D:1: 1100 daAuts
     D:2: 47 daAuts
